AoeStats
← Maty

Arena

510315232Analyzed
4v4 RM · 1d ago on Sep 30, 2026· 41m 46s· 8 players
Game mode
Random Map
Map size
Large (8 player)
Population
200
Speed
Normal
Resources
Standard
Victory
Conquest
Starting age
Dark Age
Ending age
Imperial Age
RankedLock teamsTeams togetherTeam positionsShared explorationLock speedFull tech treeHidden civsTurbo modeCheats
Victory
Defeat
1541
+13
🇹🇼 Saracens · Taiwan
1520
+14
🇹🇼 Khmer · Taiwan
1519
+14
🇹🇼 Danes · Taiwan
1481
+15
🇦🇷 Saxons · Argentina
1502
-16
🇪🇨 Saxons · Ecuador
1482
-14
🇭🇰 Turks · Hong Kong SAR China
1456
-13
🇹🇼 Mongols · Taiwan
1446
-13
勤奮的兔兔
11:54 Feudal Age
14:31 Double-Bit Axe
14:26 Horse Collar
14:37 Gold Mining
17:13 Castle Age
18:32 Bow Saw
21:39 Imperial Age
23:29 Two-Man Saw
24:15 Wheelbarrow
26:28 Heavy Plow
27:53 Stone Mining
30:47 Parthian Tactics
30:14 Fletching
30:25 Padded Archer Armor
31:37 Caravan
33:00 Gold Shaft Mining
33:04 Thumb Ring
33:17 Leather Archer Armor
33:20 Bodkin Arrow
35:03 Bracer
35:34 Ring Archer Armor
35:31 Ballistics
35:51 Loom
36:22 Hand Cart
35:53 Town Watch
36:34 Heavy Cavalry Archer
37:31 Fortified Wall
37:32 Masonry
37:02 Treadmill Crane
37:45 Bombard Tower
38:15 Conscription
37:58 Artillery
38:18 Sipahi
40:41 Heavy Cavalry Archer
Maty
5:44 Loom
7:59 Feudal Age
10:08 Fletching
10:14 Double-Bit Axe
11:41 Horse Collar
19:45 Town Watch
22:42 Castle Age
21:19 Gold Mining
23:22 Bodkin Arrow
24:52 Crossbowman
28:36 Bow Saw
29:04 Guard Tower
29:59 Town Patrol
30:39 Wheelbarrow
33:17 Ballistics
33:31 Hand Cart
38:26 Imperial Age
35:21 Pikeman
36:27 Squires
36:12 Gambesons
36:29 Scale Mail Armor
36:51 Heavy Plow
36:33 Treadmill Crane
38:41 Forging
38:31 Halberdier
39:28 Chain Mail Armor
39:51 Murder Holes
41:19 Plate Mail Armor
41:03 Masonry
41:22 Arson
lun
9:56 Feudal Age
12:10 Double-Bit Axe
14:53 Castle Age
13:11 Horse Collar
16:15 Bow Saw
22:28 Wheelbarrow
24:17 Stone Mining
24:28 Heavy Plow
25:46 Stone Shaft Mining
25:04 Loom
26:18 Gold Mining
30:02 Imperial Age
27:41 Fletching
28:11 Padded Archer Armor
28:42 Hand Cart
28:14 Town Watch
29:24 Ballistics
29:00 Murder Holes
30:13 Thumb Ring
30:04 Bodkin Arrow
30:25 Leather Archer Armor
30:12 Husbandry
30:22 Bloodlines
31:46 Hoardings
31:32 Conscription
30:39 Elite Mangudai
32:05 Parthian Tactics
31:43 Bracer
32:46 Chemistry
32:50 Drill
32:05 Onager
33:48 Siege Engineers
33:46 Siege Onager
36:49 Elite Mangudai
中國香港玩家
10:25 Feudal Age
9:38 Loom
14:06 Castle Age
12:43 Double-Bit Axe
13:19 Horse Collar
20:23 Fletching
22:31 Bow Saw
24:16 Bodkin Arrow
25:47 Gold Mining
26:13 Town Watch
26:35 Stone Mining
27:51 Wheelbarrow
27:44 Scale Mail Armor
28:10 Heavy Plow
28:37 Squires
29:11 Forging
29:17 Chain Mail Armor
30:14 Gold Shaft Mining
31:01 Hand Cart
31:59 Iron Casting
36:30 Imperial Age
35:03 Chain Mail Armor
35:15 Padded Archer Armor
35:23 Caravan
35:21 Pikeman
35:46 Arson
37:17 Leather Archer Armor
37:38 Conscription
37:49 Plate Mail Armor
36:50 Man-at-Arms
37:15 Gambesons
38:16 Fortified Wall
37:59 Guard Tower
38:10 Bracer
37:37 Long Swordsman
38:53 Two-Handed Swordsman
經典永不退流行
10:58 Feudal Age
15:01 Castle Age
13:07 Double-Bit Axe
14:01 Horse Collar
17:09 Wheelbarrow
17:44 Loom
23:19 Scale Mail Armor
25:58 Squires
28:47 Imperial Age
26:09 Arson
26:36 Forging
27:04 Gold Mining
27:58 Chain Mail Armor
28:50 Iron Casting
30:23 Plate Mail Armor
30:30 Conscription
31:32 Blast Furnace
30:31 Gothikon
32:44 Hand Cart
32:20 Elite Varangian Guard
33:29 Bow Saw
34:39 Gambesons
35:08 Capped Ram
37:21 Siege Ram
38:23 Fletching
38:33 Padded Archer Armor
soundness27
10:10 Feudal Age
12:55 Castle Age
11:16 Double-Bit Axe
12:10 Horse Collar
21:20 Loom
22:09 Bow Saw
22:28 Heavy Plow
22:35 Town Watch
23:36 Wheelbarrow
23:41 Gold Mining
25:04 Gold Shaft Mining
29:09 Imperial Age
27:48 Husbandry
27:59 Bloodlines
30:02 Scale Barding Armor
29:52 Capped Ram
30:53 Forging
32:17 Chain Barding Armor
32:30 Siege Ram
37:38 Elite Battle Elephant
38:57 Plate Barding Armor
38:58 Iron Casting
eddie.wang1217
7:44 Loom
10:27 Feudal Age
14:09 Fletching
16:21 Wheelbarrow
22:23 Castle Age
20:24 Double-Bit Axe
20:22 Horse Collar
26:08 Scale Mail Armor
28:07 Forging
29:17 Gold Mining
30:13 Stone Mining
41:23 Imperial Age
39:18 Town Watch
39:52 Squires
40:30 Bow Saw
40:31 Heavy Plow
41:51 Hand Cart
芝麻開門
8:34 Loom
10:20 Feudal Age
15:10 Castle Age
13:09 Double-Bit Axe
13:05 Horse Collar
17:33 Bow Saw
28:10 Bloodlines
32:51 Wheelbarrow
35:12 Husbandry
34:45 Light Cavalry
35:31 Scale Barding Armor
36:08 Forging
37:12 Chain Barding Armor
36:50 Town Watch
41:53 Iron Casting
41:09 Fletching
Connection lost

Rejoining the realm…

Still unreachable

The connection could not be restored.

Session expired

The server has moved on; the page needs a fresh start.